Description

This buildorder i usually use to open up, i can then go in to ling bane hydra or ling bane muta, basicaly what I feel like or what I think I'll need :)

Build Order

Get SALT Encoding   

  13  0:03  Drone  
  13  0:13  Overlord  
  14  0:17  Drone  
  16  0:32  Drone x2  
  16  00:49  Hatchery  
  17  00:55  Drone x2  1 to minerals and 1 straight to build gas
  18  00:59  Drone  straight to build spawning pool
  18  1:10  Extractor  
  17  1:15  Spawning Pool  to gas three drones :)
  18  1:21  Drone x2  to gas
  19  1:29  Drone  also to gas
  19  1:42  Overlord  To your third base, or to their if you're up against zerg
  23  2:02  Queen x2  Inject queens
  26  2:05  Zergling x3  outside natural for defense against scouts
  28  2:14  Drone x2  
  30  2:24  Drone x2  
  30  2:37  Overlord  Send to what you think will be usefull :)
  31  2:38  Drone  
  31  2:39  Queen x2  Queens should be spawning now imeadeatly inject once at both bases. now keep on timing injects with theese :)
  31  2:44  Lair  start Lair in main :)
  33  2:45  Queen  start creep spread queen in natural .)
  36  2:57  Drone x3  
  36  2:58  Extractor  
  35  3:02  Extractor  
  37  3:08  Drone x3  straight to second gas :)
  40  3:13  Drone x3  straight to third gas :)
  40  3:15  Overlord  
  40  3:36  Baneling Nest  From this part on I just macro out however I want or need for the rest of the game but i usually play lingbane muta so heres how I do it :)
  42  3:37  Drone x2  
  42  2:47  Spire  
  41  3:50  Overlord  
  44  3:54  Drone x3  
  44  4:00  Hatchery  about now or earlier you want to get up a third hatch :)
  43  4:02  Extractor  
  45  4:04  Drone x3  to fourth gas :)
  45  4:05  Drone  start droning up all your bases and try not to get supply blocked, Try to get 2 evo pits up ASAP and as soon as your spire finishes just build mutas :9 don't forget to keep scouting.
  100  10:10  Drone x2  Get 1-0-1 done on ground units and 1-0-0 on air, make sure that you've gotten bane speed too, Now keep on defending with ling bane and if you want to make a suprise attack with mutas try hiding them, When you have around 20 mutas and alot of ling bane go for the attack with mutas and smash their defense and workers with ling bane :D
Spawning Tool Build Advisor. Get it on Overwolf

Analysis

GL and HF! :)

Go to:

Details

  • Created by: DiscoPingu
  • Published on: Apr 14, 2022
  • Modified on: Apr 14, 2022
  • Patch: 4.11.0
  • Difficulty: Easy
Show
View Real Time Build Order
Export as new Build Order

Comments (1)

On July 24, 2022, 5:54 p.m., DiscoPingu  said:

Hey to everyone checking out my old buildorder haha, Don't forget to klick ''check'' on the workers bar so you can see all the text I wrote!
:-)

Create an account to comment!